 Dungeon Crawl Stone Soup version 0.26.1-10-gdfb7c7de75 (webtiles) character file.

Game seed: 17922310493260920199

658 manyhoops the Ruffian (level 7, -11/67 HPs)
             Began as a Palentonga Transmuter on Apr 3, 2021.
             Mangled by a mummy (12 damage)
             ... in an ossuary.
             The game lasted 00:08:18 (4614 turns).

manyhoops the Ruffian (Palentonga Transmuter)       Turns: 4614, Time: 00:08:18

Health: -11/67     AC: 17    Str: 14 (15) XL:     7   Next: 29%
Magic:  10/10      EV:  7    Int: 12 (14) God:
Gold:   120        SH:  0    Dex: 10      Spells: 7/10 levels left

rFire    . . .     SeeInvis +     - Unarmed
rCold    . . .     Faith    +   (no shield)
rNeg     . . .     Spirit   .   e - +0 leather armour
rPois    .         Reflect  .   o - +0 helmet {SInv}
rElec    .         Harm     .   (no cloak)
rCorr    .         Rampage  .   p - +0 pair of gloves
Will     +....                  d - +0 barding
Stlth    +.........             g - amulet of faith
HPRegen  0.21/turn              f - ring of willpower
MPRegen  0.12/turn              (no ring)

@: curled up
A: large, rugged brown scales 3, see invisible, deformed body, roll 1, armoured
tail, reflexive curl
a: Rolling Charge


You were in an ossuary.
You visited 1 branch of the dungeon, and saw 4 of its levels.
You also visited: Ossuary.

You collected 120 gold pieces.

Inventory:

Armour
 a - a +0 robe
 d - a +0 barding (worn)
 e - a +0 leather armour (worn)
 o - a +0 helmet of see invisible (worn)
 p - a +0 pair of gloves (worn)
Jewellery
 f - a ring of willpower (left hand)
 g - an amulet of faith (around neck)
Scrolls
 i - a scroll of immolation
 l - a scroll of random uselessness
 m - a scroll of remove curse
 n - 2 scrolls of enchant armour
 r - a scroll of amnesia {unknown}
 s - a scroll of magic mapping {unknown}
Potions
 c - a potion of curing
 h - a potion of heal wounds
 q - a potion of attraction


   Skills:
 * Level 6.0 Fighting
 - Level 1.5 Dodging
 + Level 6.0 Unarmed Combat
 - Level 2.0 Spellcasting
 - Level 2.0 Transmutations


You had 7 spell levels left.
You knew the following spells:

 Your Spells              Type           Power        Failure   Level
a - Beastly Appendage     Tmut           12%          16%         1
b - Wereblood             Tmut           6%           22%         2

Your spell library contained the following spells:

 Spells                   Type           Power        Failure   Level
 Spider Form              Tmut/Pois      1%           56%         3
 Ice Form                 Ice/Tmut       3%           92%         4
 Blade Hands              Tmut           3%           99%         5


Dungeon Overview and Level Annotations

Branches:
Dungeon (4/15)            Ossuary (1/1)
 Temple: D:4-7

Altars:
Elyvilon
Nemelex Xobeh

Annotations:
D:3 Grinder


Innate Abilities, Weirdness & Mutations

You are completely covered in rugged brown scales. (AC +3, +7% HP)
You have supernaturally acute eyesight. (SInv)
Armour fits poorly on your strangely shaped body.
You can roll at nearby foes to attack.
You have a long armoured tail.
You curl defensively after being hit.


Message History

The mummy hits you!
* * * LOW HITPOINT WARNING * * *
There is a gate leading back out of this place here.
There is a gate leading back out of this place here.
As you read the scroll of identify, it crumbles to dust.
i - a scroll of immolation You start resting.
A mummy is nearby!
A mummy is nearby!
The mummy hits you!
* * * LOW HITPOINT WARNING * * *
The mummy hits you!
* * * LOW HITPOINT WARNING * * *
The mummy hits you.
* * * LOW HITPOINT WARNING * * *
The gnoll zombie hits you but does no damage.
You hit the mummy.
The mummy is lightly damaged.
The mummy hits you!
You die...

###########################
...........∩...........#!!#
.....M...M.....M@Z.....+!!#
.........#####.M.......####
..........................#
..........................#
..##...............##.....#
..##...............##.....#
..........................#
..........................#
.......................#..#


You could see 3 mummies and a gnoll zombie.

Vanquished Creatures
  Sigmund (D:3)
  An elf zombie (Ossuary)
  2 elf skeletons (D:4)
  A scorpion (D:4)
  A hound (D:2)
  An orc wizard (D:3)
  3 big kobold zombies (Ossuary)
  A mummy (Ossuary)
  3 adders
  3 oozes
  An adder skeleton (D:4)
  An adder zombie (Ossuary)
  2 worms (D:2)
  4 dart slugs
  4 leopard geckos
  4 orcs (D:3)
  3 ball pythons
  4 giant cockroaches
  7 goblins
  2 hobgoblins (D:3)
  3 jackals (D:2)
  3 quokkas (D:2)
  5 bats
  5 frilled lizards
  A goblin zombie (Ossuary)
  A jackal zombie (Ossuary)
  7 kobolds
  A kobold zombie (Ossuary)
  An orc skeleton (D:4)
  4 orc zombies
  13 rats
  A rat zombie (Ossuary)
94 creatures vanquished.

Notes
Turn   | Place    | Note
-------+----------+-------------------------------------------
     0 | D:1      | manyhoops the Palentonga Transmuter began the quest for the
                  | Orb.
     0 | D:1      | Reached XP level 1. HP: 17/17 MP: 3/3
    58 | D:1      | Reached XP level 2. HP: 18/25 MP: 3/5
   858 | D:1      | Reached XP level 3. HP: 32/33 MP: 4/6
  1248 | D:2      | Found a white marble altar of Elyvilon.
  1388 | D:2      | Reached XP level 4. HP: 32/42 MP: 5/7
  2333 | D:2      | Found a sparkling altar of Nemelex Xobeh.
  2488 | D:3      | Reached XP level 5. HP: 27/50 MP: 8/8
  2680 | D:3      | Noticed Sigmund
  2696 | D:3      | Killed Sigmund
  2697 | D:3      | Reached skill level 5 in Fighting
  2697 | D:3      | Reached XP level 6. HP: 36/59 MP: 9/9
  3236 | D:3      | Learned a level 2 spell: Wereblood
  3436 | D:3      | Noticed Grinder
  3443 | D:3      | Paralysed by Grinder for 7 turns
  3454 | D:3      | Paralysed by Grinder for 4 turns
  3784 | D:4      | Reached skill level 5 in Unarmed Combat
  4101 | D:4      | Found a sand-covered staircase.
  4119 | D:4      | Gained mutation: You curl defensively after being hit.
                  | [Palentonga growth]
  4119 | D:4      | Reached XP level 7. HP: 49/66 MP: 10/10
  4122 | Ossuary  | Entered an ossuary
  4613 | Ossuary  | HP: 1/67 [mummy (4)]
  4614 | Ossuary  | Mangled by a mummy

Illustrated notes

Levels and vault maps discovered:
D:1:      amcnicky_arrival_gap_in_the_tavern_cellar, layout_loops_ring
D:2:      layout_basic, overflow_temple_1_default, elyvilon_altar_5,
          hex_intersection
D:3:      layout_basic, uniq_sigmund, uniq_grinder
D:4:      layout_cave_pods, nicolae_ossuary_entry_catacombs, uniq_pikel
Ossuary:  ossuary_minmay_tomb_2a

Skill      XL: |  1  2  3  4  5  6  7 |
---------------+----------------------+-----
Fighting       | 2 3 4 5 6 |  6.0
Unarmed Combat | 4 5 6 |  6.0
Dodging        | |  1.5
Spellcasting   | |  2.0
Transmutations | |  2.0

Action                   |  1- 3 |  4- 6 |  7- 9 || total
-------------------------+-------+-------+-------++-------
Melee: Unarmed           |    95 |   210 |    63 ||   368
       Headbutt          |     7 |     6 |     7 ||    20
       Tailslap          |     6 |    21 |     9 ||    36
       Kick              |     8 |    24 |     7 ||    39
       Punch             |       |     2 |       ||     2
 Cast: Beastly Appendage |    10 |     8 |     4 ||    22
       Wereblood         |       |       |     2 ||     2
 Abil: Rolling Charge    |     1 |    11 |     6 ||    18
  Use: Scroll            |     1 |     4 |     1 ||     6
       Potion            |       |     9 |       ||     9
Armor: Robe              |     2 |       |       ||     2
       Leather armour    |    28 |    65 |    38 ||   131
Dodge: Dodged            |    58 |    80 |    26 ||   164
